Penguins vs Phantoms
Created - February 16, 2023 at 22:40
Goals
|
Penguins |
1 |
3 |
4 |
8 |
Phantoms |
2 |
0 |
2 |
4 |
|
Shots
|
Penguins |
11 |
10 |
14 |
35 |
Phantoms |
13 |
13 |
7 |
33 |
|
1st period
1. Penguins , Victor Olofsson 12 (Danny Biega 9) at 4:22
2. Phantoms , JC Lipon 2 (Lucas Wallmarkk 17, Brendan Leipsic 6) at 6:05
3. Phantoms , Erik Nystrom 7 (Joe Snively 22) at 9:03
Penalties :
Andrew O'Brien (Wil) for Slashing (Minor) at 6:27
2nd period
4. Penguins , Matthew Finn 1 (Victor Olofsson 19, Danny Biega 10) at 5:56
5. Penguins , Matthew Tkachuk 26 (Evan Rodrigues 32, Eetu Luostarinen 5) at 13:05
6. Penguins , Jeff Malott 5 (Sam Kurker 5) at 16:48
Penalties :
Sven Andrighetto (Leh) for Interference (Minor) at 6:03
3rd period
7. Penguins , Matthew Tkachuk 27 (John Marino 6, Dakota Mermis 10) at 1:43
8. Phantoms , Brenden Kichton 4 (JC Lipon 3, Lucas Wallmarkk 18) at 5:27
9. Penguins , Sam Kurker 8 (Dakota Mermis 11, John Marino 7) at 14:03
10. Phantoms , Nick Shore 15 (Alex DeBrincat 36) at 14:09
11. Penguins , John Marino 2 (Victor Olofsson 20, Iven Barbashev 19) at 16:25 (PP)
12. Penguins , Max Gortz 7 (Andy Andreoff 3, Gavin Bayreuther 32) at 18:49
Penalties :
Iven Barbashev (Wil) for Tripping (Minor) at 2:25, Lucas Wallmarkk (Leh) for Holding (Minor) at 11:26, Reid McNeill (Leh) for Roughing (Minor) at 15:55
Goalie Stats
Connor Hellebyuk (Wil), 29 saves from 33 shots - (0.879), W, 11-4-4, 60:00 minutes
Anton Forsberg (Leh), 13 saves from 17 shots - (0.765), 36:48 minutes
Zachary Fucale (Leh), 14 saves from 18 shots - (0.778), L, 4-6-1, 23:12 minutes
Players Stats for Penguins
Player Name G A P +/- PIM S H SB GA TA FO MP PP MP PK MP
------------------------------------------------------------------------------------
Adam Brooks 0 0 0 0 0 2 1 0 0 0 3/8 18:31 1:53 1:06
Andrew O'Brien 0 0 0 -1 2 0 1 0 1 1 0/0 26:41 2:34 1:10
Andy Andreoff 0 1 1 0 0 2 1 1 0 0 0/0 13:51 0:00 2:09
Anthony Beauvillier 0 0 0 1 0 1 2 1 0 0 1/2 20:52 2:27 0:58
Dakota Mermis 0 2 2 2 0 2 1 4 2 2 0/0 21:24 1:54 2:35
Danny Biega 0 2 2 0 0 1 0 1 0 0 0/0 12:51 0:00 0:23
Eetu Luostarinen 0 1 1 0 0 0 1 0 0 0 4/6 11:42 0:00 0:00
Evan Rodrigues 0 1 1 1 0 1 0 1 0 2 14/36 22:17 2:27 2:23
Gavin Bayreuther 0 1 1 0 0 5 3 1 0 2 0/0 27:47 2:34 2:25
Iven Barbashev 0 1 1 0 2 5 3 1 1 1 0/0 18:12 2:01 0:36
Jeff Malott 1 0 1 2 0 3 1 0 0 0 0/0 7:34 0:00 0:18
Jesper Boqvist 0 0 0 2 0 1 0 0 0 0 0/0 7:27 0:08 0:26
John Marino 1 2 3 3 0 1 2 2 0 1 0/0 20:02 1:54 1:23
Matthew Finn 1 0 1 1 0 1 0 0 0 0 0/0 11:51 0:00 0:00
Matthew Tkachuk 2 0 2 1 0 6 2 2 1 0 1/2 19:54 2:27 0:00
Max Gortz 1 0 1 0 0 1 0 0 0 0 0/0 11:42 0:00 0:00
Sam Kurker 1 1 2 2 0 2 0 1 0 0 0/0 6:49 0:00 0:00
Victor Olofsson 1 2 3 1 0 1 0 0 1 1 1/1 16:33 2:01 0:00
Players Stats for Phantoms
Player Name G A P +/- PIM S H SB GA TA FO MP PP MP PK MP
------------------------------------------------------------------------------------
A.J. Greer 0 0 0 0 0 0 0 0 0 0 0/0 0:46 0:00 0:46
Alex DeBrincat 0 1 1 -2 0 2 0 0 0 0 1/3 22:32 2:22 2:36
Anthony Angello 0 0 0 0 0 0 0 0 0 0 0/0 1:25 0:00 1:25
Blake Heinrich 0 0 0 -1 0 1 0 1 1 1 0/0 25:30 2:37 2:57
Brendan Leipsic 0 1 1 -1 0 0 1 0 1 0 0/0 7:54 0:00 0:00
Brenden Kichton 1 0 1 -1 0 1 2 2 0 1 0/0 11:31 0:00 0:00
Brett Murray 0 0 0 0 0 0 0 0 0 0 0/0 0:00 0:00 0:00
Cal Foote 0 0 0 -1 0 0 1 0 0 1 0/0 12:01 0:00 0:30
Cristoval Nieves 0 0 0 -1 0 4 2 0 1 0 2/7 16:14 1:36 0:00
David Kampf 0 0 0 0 0 0 0 0 0 0 0/0 0:00 0:00 0:00
Devon Teows 0 0 0 -1 0 0 0 0 0 0 0/0 17:40 1:21 1:31
Erik Nystrom 1 0 1 1 0 4 1 0 0 0 0/0 11:28 0:00 0:00
JC Lipon 1 1 2 -1 0 2 0 0 0 0 0/0 7:54 0:00 0:00
Joe Snively 0 1 1 1 0 4 0 0 0 0 3/4 11:28 0:00 0:00
Laurent Dauphin 0 0 0 0 0 0 0 0 0 0 0/0 0:00 0:00 0:00
Lucas Wallmarkk 0 2 2 -1 2 0 0 0 0 0 0/1 7:58 0:00 0:00
Matt Kiersted 0 0 0 0 0 0 0 0 0 0 0/0 5:19 0:00 0:00
Michael Bournival 0 0 0 -2 0 1 2 2 0 0 2/4 22:33 2:22 2:37
Mikko Lehtonen 0 0 0 0 0 0 0 0 0 0 0/0 5:19 0:00 0:00
Morgan Klimchuk 0 0 0 -1 0 4 3 2 1 0 0/0 16:14 1:36 0:00
Nick Shore 1 0 1 -2 0 4 2 1 2 1 23/35 20:49 2:22 1:06
Nick Sorensen 0 0 0 1 0 2 0 0 0 0 0/0 11:28 0:00 0:00
Reid McNeill 0 0 0 -1 2 1 1 1 0 0 0/0 24:59 2:37 2:27
Rinat Valiev 0 0 0 -1 0 0 0 1 1 1 0/0 17:40 1:21 1:31
Sven Andrighetto 0 0 0 -1 2 3 0 0 3 1 0/1 16:47 1:36 0:26
3 Stars
1 - John Marino (Wil)
2 - Matthew Tkachuk (Wil)
3 - Victor Olofsson (Wil)
Power Play
Penguins - 1 on 3 Attempt(s) - 33.33%
Phantoms - 0 on 2 Attempt(s) - 0.00%
Penalty Kill
Penguins - 2 on 2 Attempt(s) - 100.00%
- Score 0 goal in Penalty Kill
Phantoms - 2 on 3 Attempt(s) - 66.67%
- Score 0 goal in Penalty Kill
Team Stat
Penguins - Hits : 18 - Faceoff Wins : 24 - Blocked Shots : 15 - Penalty Minutes : 4
Phantoms - Hits : 15 - Faceoff Wins : 31 - Blocked Shots : 10 - Penalty Minutes : 6
Official
Referees : Jean Hebert and Kevin Pollock
Linesman : Steve Miller and Derek Nansen
Game Notes
Zachary Fucale enters game at 16:48 of 2nd period
16:25 of 3rd period - Penguins goal is going for a video replay. After video review, Goal.
Finance
Level 1 -- Attendance: 1778 (88.90%) -- Ticket Income $62,230
Level 2 -- Attendance: 589 (58.90%) -- Ticket Income $11,780
Total Attendance: 2367 (78.90%)
Total Ticket Income: $74,010
Other Income: $3,700
Total Income: $77,710
Penguins
5 vs 5 Forward
Center Left Wing Right Wing Time % Phy DF OF
1 Evan Rodrigues Anthony Beauvillier Matthew Tkachuk 40 1 2 2
2 Adam Brooks Iven Barbashev Victor Olofsson 30 1 2 2
3 Eetu Luostarinen Andy Andreoff Max Gortz 20 1 2 2
4 Jesper Boqvist Jeff Malott Sam Kurker 10 1 2 2
5 vs 5 Defense
Defense Defense Time % Phy DF OF
1 Andrew O'Brien Gavin Bayreuther 40 1 2 2
2 Dakota Mermis John Marino 30 1 2 2
3 Danny Biega Matthew Finn 20 1 2 2
4 Andrew O'Brien Gavin Bayreuther 10 1 2 2
PowerPlay Forward
Center Left Wing Right Wing Time % Phy DF OF
1 Evan Rodrigues Anthony Beauvillier Matthew Tkachuk 60 1 2 2
2 Adam Brooks Iven Barbashev Victor Olofsson 40 1 2 2
PowerPlay Defense
Defense Defense Time % Phy DF OF
1 Andrew O'Brien Gavin Bayreuther 60 1 2 2
2 Dakota Mermis John Marino 40 1 2 2
Penalty Kill 4 Players Forward
Center Wing Time % Phy DF OF
1 Evan Rodrigues Andy Andreoff 60 1 2 2
2 Adam Brooks Iven Barbashev 40 1 2 2
Penalty Kill 4 Players Defense
Defense Defense Time % Phy DF OF
1 Andrew O'Brien Dakota Mermis 60 1 2 2
2 John Marino Gavin Bayreuther 40 1 2 2
Penalty Kill - 3 Players Forward
Forward Time % Phy DF OF
1 Evan Rodrigues 60 1 2 2
2 Adam Brooks 40 1 2 2
Penalty Kill - 3 Players Defense
Defense Defense Time % Phy DF OF
1 Andrew O'Brien Dakota Mermis 60 1 2 2
2 John Marino Gavin Bayreuther 40 1 2 2
4 vs 4 Forward
Center Wing Time % Phy DF OF
1 Evan Rodrigues Matthew Tkachuk 60 1 2 2
2 Adam Brooks Victor Olofsson 40 1 2 2
4 vs 4 Defense
Defense Defense Time % Phy DF OF
1 Andrew O'Brien Gavin Bayreuther 60 1 2 2
2 Dakota Mermis John Marino 40 1 2 2
Last Minutes Offensive
Center Left Wing Right Wing Defense Defense
Evan Rodrigues Andy Andreoff Matthew Tkachuk Andrew O'Brien Gavin Bayreuther
Last Minutes Defensive
Center Left Wing Right Wing Defense Defense
Evan Rodrigues Andy Andreoff Matthew Tkachuk Andrew O'Brien Dakota Mermis
Goaltenders
Starting : Connor Hellebyuk
Backup : Jeremy Swayman
Extra Forwards
Normal : Anthony Beauvillier, Iven Barbashev, Max Gortz - PP : Anthony Beauvillier, Iven Barbashev - PK : Anthony Beauvillier
Extra Defensemen
Normal : Gavin Bayreuther, Danny Biega, John Marino - PP : Gavin Bayreuther - PK : Gavin Bayreuther, Danny Biega
Penalty Shots
Andy Andreoff, Matthew Tkachuk, Victor Olofsson, Evan Rodrigues, Anthony Beauvillier
Scratches
Brett Kulak (Groin Injury), Brett Pollock (Healthy), Curtis Hamilton (Healthy), Denis Malgin (Healthy), Josh Ho-Sang (Healthy)
Juuso Ikonen (Healthy), Austin Strand (Healthy), Raphael Bussieres (Healthy), Steven Spinner (Healthy), German Rubtsov (Healthy)
Anthony Stolarz (Healthy)
Phantoms
5 vs 5 Forward
Center Left Wing Right Wing Time % Phy DF OF
1 Nick Shore Michael Bournival Alex DeBrincat 40 1 2 2
2 Cristoval Nieves Morgan Klimchuk Sven Andrighetto 30 1 2 2
3 Joe Snively Erik Nystrom Nick Sorensen 20 1 2 2
4 Lucas Wallmarkk Brendan Leipsic JC Lipon 10 1 2 2
5 vs 5 Defense
Defense Defense Time % Phy DF OF
1 Reid McNeill Blake Heinrich 40 1 2 2
2 Rinat Valiev Devon Teows 30 1 2 2
3 Brenden Kichton Cal Foote 20 1 2 2
4 Mikko Lehtonen Matt Kiersted 10 1 2 2
PowerPlay Forward
Center Left Wing Right Wing Time % Phy DF OF
1 Nick Shore Michael Bournival Alex DeBrincat 60 1 2 2
2 Cristoval Nieves Morgan Klimchuk Sven Andrighetto 40 1 2 2
PowerPlay Defense
Defense Defense Time % Phy DF OF
1 Reid McNeill Blake Heinrich 60 1 2 2
2 Rinat Valiev Devon Teows 40 1 2 2
Penalty Kill 4 Players Forward
Center Wing Time % Phy DF OF
1 Michael Bournival Alex DeBrincat 60 1 2 2
2 Sven Andrighetto Nick Shore 40 1 2 2
Penalty Kill 4 Players Defense
Defense Defense Time % Phy DF OF
1 Reid McNeill Blake Heinrich 60 1 2 2
2 Rinat Valiev Devon Teows 40 1 2 2
Penalty Kill - 3 Players Forward
Forward Time % Phy DF OF
1 Michael Bournival 60 1 2 2
2 Alex DeBrincat 40 1 2 2
Penalty Kill - 3 Players Defense
Defense Defense Time % Phy DF OF
1 Reid McNeill Blake Heinrich 60 1 2 2
2 Rinat Valiev Devon Teows 40 1 2 2
4 vs 4 Forward
Center Wing Time % Phy DF OF
1 Michael Bournival Alex DeBrincat 60 1 2 2
2 Sven Andrighetto Nick Shore 40 1 2 2
4 vs 4 Defense
Defense Defense Time % Phy DF OF
1 Reid McNeill Blake Heinrich 60 1 2 2
2 Rinat Valiev Devon Teows 40 1 2 2
Last Minutes Offensive
Center Left Wing Right Wing Defense Defense
Nick Shore Michael Bournival Alex DeBrincat Reid McNeill Blake Heinrich
Last Minutes Defensive
Center Left Wing Right Wing Defense Defense
Nick Shore Michael Bournival Alex DeBrincat Reid McNeill Blake Heinrich
Goaltenders
Starting : Anton Forsberg
Backup : Zachary Fucale
Extra Forwards
Normal : David Kampf, Laurent Dauphin, Anthony Angello - PP : David Kampf, Laurent Dauphin - PK : Anthony Angello
Extra Defensemen
Normal : Brenden Kichton, Cal Foote, Mikko Lehtonen - PP : Brenden Kichton - PK : Cal Foote, Mikko Lehtonen
Penalty Shots
Michael Bournival, Alex DeBrincat, Sven Andrighetto, Nick Shore, Morgan Klimchuk
Scratches
Cooper Marody (Healthy), Victor Berglund (Healthy), Fabian Zetterlund (Healthy), Riley Stillman (Healthy), Jason Kasdorf (Healthy)
Zachary Sawchenko (Healthy)
% Time on Ice - Penguins
Lines # - Real PCT - Wanted PCT - Time Play
Normal Forward
1 - 34% - 40% - 17:27
2 - 30% - 30% - 15:36
3 - 23% - 20% - 11:42
4 - 13% - 10% - 6:49
Normal Defense
1 - 39% - 40% - 20:08
2 - 32% - 30% - 16:45
3 - 23% - 20% - 11:51
4 - 5% - 10% - 2:50
PP Forward
1 - 55% - 60% - 2:27
2 - 45% - 40% - 2:01
PP Defense
1 - 57% - 60% - 2:34
2 - 43% - 40% - 1:54
PK Forward
1 - 72% - 60% - 2:52
2 - 28% - 40% - 1:06
PK Defense
1 - 65% - 60% - 2:35
2 - 35% - 40% - 1:23
PK3 Forward
1 - 0% - 60%
2 - 0% - 40%
PK3 Defense
1 - 0% - 60%
2 - 0% - 40%
44 Forward
1 - 0% - 60%
2 - 0% - 40%
44 Defense
1 - 0% - 60%
2 - 0% - 40%
Last Minute Offensive - 0:00
Last Minute Defensive - 0:00
Total
Forward - 60:00
Defense - 60:00
|
% Time on Ice - Phantoms
Lines # - Real PCT - Wanted PCT - Time Play
Normal Forward
1 - 34% - 40% - 17:34
2 - 28% - 30% - 14:38
3 - 22% - 20% - 11:28
4 - 15% - 10% - 7:54
Normal Defense
1 - 39% - 40% - 19:56
2 - 29% - 30% - 14:48
3 - 22% - 20% - 11:31
4 - 10% - 10% - 5:19
PP Forward
1 - 60% - 60% - 2:22
2 - 40% - 40% - 1:36
PP Defense
1 - 66% - 60% - 2:37
2 - 34% - 40% - 1:21
PK Forward
1 - 75% - 60% - 3:22
2 - 25% - 40% - 1:06
PK Defense
1 - 66% - 60% - 2:57
2 - 34% - 40% - 1:31
PK3 Forward
1 - 0% - 60%
2 - 0% - 40%
PK3 Defense
1 - 0% - 60%
2 - 0% - 40%
44 Forward
1 - 0% - 60%
2 - 0% - 40%
44 Defense
1 - 0% - 60%
2 - 0% - 40%
Last Minute Offensive - 0:00
Last Minute Defensive - 0:00
Total
Forward - 60:00
Defense - 60:00
|
Play-by-Play
1st period
0:01 of 1st period - Nick Shore wins face-off versus Evan Rodrigues in neutral zone.
0:36 of 1st period - Wrist shot by Morgan Klimchuk.
0:36 of 1st period - Stopped by Connor Hellebyuk without a rebound.
0:37 of 1st period - Joe Snively wins face-off versus Eetu Luostarinen in Penguins zone.
0:51 of 1st period - Wrist shot by Andy Andreoff.
0:51 of 1st period - Stopped by Anton Forsberg with a rebound.
1:11 of 1st period - Snap shot by Lucas Wallmarkk.
1:11 of 1st period - Shot Blocked by Dakota Mermis.
1:29 of 1st period - Backhand shot by Alex DeBrincat.
1:29 of 1st period - Shot Blocked by Dakota Mermis.
1:48 of 1st period - Slapshot by Victor Olofsson.
1:48 of 1st period - Shot Misses the Net.
1:56 of 1st period - Slapshot by Sven Andrighetto.
1:56 of 1st period - Stopped by Connor Hellebyuk with a rebound.
2:14 of 1st period - Wrist shot by Andy Andreoff.
2:14 of 1st period - Stopped by Anton Forsberg without a rebound.
2:15 of 1st period - Nick Shore wins face-off versus Evan Rodrigues in Phantoms zone.
2:15 of 1st period - Nick Shore is hit by Gavin Bayreuther.
2:34 of 1st period - Evan Rodrigues is hit by Michael Bournival and loses puck.
3:17 of 1st period - Wrist shot by Joe Snively.
3:17 of 1st period - Stopped by Connor Hellebyuk with a rebound.
3:19 of 1st period - Slapshot by Cal Foote.
3:19 of 1st period - Shot Misses the Net.
3:41 of 1st period - Snap shot by Andy Andreoff.
3:41 of 1st period - Shot Misses the Net.
3:52 of 1st period - Off-side.
3:53 of 1st period - Anthony Beauvillier wins face-off versus Cristoval Nieves in neutral zone.
4:02 of 1st period - Wrist shot by Matthew Tkachuk.
4:02 of 1st period - Stopped by Anton Forsberg with a rebound.
4:22 of 1st period - Snap shot by Victor Olofsson.
4:22 of 1st period - Goal by Victor Olofsson - Penguins : 1 - Phantoms : 0.
4:23 of 1st period - Nick Shore wins face-off versus Adam Brooks in neutral zone.
4:34 of 1st period - Wrist shot by Nick Shore.
4:34 of 1st period - Stopped by Connor Hellebyuk with a rebound.
4:36 of 1st period - Slapshot by Nick Shore.
4:36 of 1st period - Shot Blocked by Dakota Mermis.
4:38 of 1st period - Slapshot by Devon Teows.
4:38 of 1st period - Shot Misses the Net.
4:48 of 1st period - Cristoval Nieves is hit by Anthony Beauvillier.
5:43 of 1st period - Wrist shot by Michael Bournival.
5:43 of 1st period - Shot Misses the Net.
6:03 of 1st period - Wrist shot by JC Lipon.
6:03 of 1st period - Shot Blocked by Iven Barbashev.
6:05 of 1st period - Slapshot by JC Lipon.
6:05 of 1st period - Goal by JC Lipon - Penguins : 1 - Phantoms : 1.
6:06 of 1st period - Nick Shore wins face-off versus Evan Rodrigues in neutral zone.
6:27 of 1st period - Minor Penalty to Andrew O'Brien for Slashing.
6:28 of 1st period - Nick Shore wins face-off versus Evan Rodrigues in Penguins zone.
6:33 of 1st period - Snap shot by Michael Bournival.
6:33 of 1st period - Deflect By Nick Shore.
6:33 of 1st period - Shot Misses the Net.
6:33 of 1st period - Puck is out of play.
6:34 of 1st period - Evan Rodrigues wins face-off versus Nick Shore in Penguins zone.
6:40 of 1st period - Icing by Michael Bournival.
6:41 of 1st period - Evan Rodrigues wins face-off versus Nick Shore in Phantoms zone.
6:54 of 1st period - Wrist shot by Andy Andreoff.
6:54 of 1st period - Shot Misses the Net.
6:56 of 1st period - Slapshot by Dakota Mermis.
6:56 of 1st period - Stopped by Anton Forsberg without a rebound.
6:57 of 1st period - Nick Shore wins face-off versus Evan Rodrigues in Phantoms zone.
7:03 of 1st period - Snap shot by Michael Bournival.
7:03 of 1st period - Shot Misses the Net.
8:27 of 1st period - Penalty to Andrew O'Brien is over, Andrew O'Brien is back on ice.
8:59 of 1st period - Slapshot by Erik Nystrom.
8:59 of 1st period - Shot Misses the Net.
9:03 of 1st period - Wrist shot by Erik Nystrom.
9:03 of 1st period - Goal by Erik Nystrom - Penguins : 1 - Phantoms : 2.
9:04 of 1st period - Nick Shore wins face-off versus Evan Rodrigues in neutral zone.
9:07 of 1st period - Slapshot by Michael Bournival.
9:07 of 1st period - Shot Blocked by Evan Rodrigues.
9:09 of 1st period - Wrist shot by Michael Bournival.
9:09 of 1st period - Stopped by Connor Hellebyuk without a rebound.
9:10 of 1st period - Evan Rodrigues wins face-off versus Nick Shore in Penguins zone.
9:39 of 1st period - Snap shot by Sven Andrighetto.
9:39 of 1st period - Stopped by Connor Hellebyuk without a rebound.
9:40 of 1st period - Adam Brooks wins face-off versus Cristoval Nieves in Penguins zone.
9:45 of 1st period - Wrist shot by Iven Barbashev.
9:45 of 1st period - Shot Misses the Net.
10:06 of 1st period - Icing by Evan Rodrigues.
10:07 of 1st period - Nick Shore wins face-off versus Evan Rodrigues in Penguins zone.
10:19 of 1st period - Icing by Devon Teows.
10:20 of 1st period - Nick Shore wins face-off versus Evan Rodrigues in Phantoms zone.
10:20 of 1st period - Nick Shore is hit by Andrew O'Brien.
10:33 of 1st period - Snap shot by Nick Shore.
10:33 of 1st period - Stopped by Connor Hellebyuk with a rebound.
10:49 of 1st period - Snap shot by Nick Shore.
10:49 of 1st period - Shot Misses the Net.
11:35 of 1st period - Slapshot by Dakota Mermis.
11:35 of 1st period - Shot Misses the Net.
11:37 of 1st period - Wrist shot by Jesper Boqvist.
11:37 of 1st period - Stopped by Anton Forsberg with a rebound.
11:57 of 1st period - Wrist shot by Evan Rodrigues.
11:57 of 1st period - Stopped by Anton Forsberg with a rebound.
12:17 of 1st period - Snap shot by Cristoval Nieves.
12:17 of 1st period - Stopped by Connor Hellebyuk with a rebound.
13:42 of 1st period - Wrist shot by Iven Barbashev.
13:42 of 1st period - Stopped by Anton Forsberg without a rebound.
13:43 of 1st period - Adam Brooks wins face-off versus Nick Shore in Phantoms zone.
14:10 of 1st period - Mikko Lehtonen is hit by Matthew Tkachuk.
14:27 of 1st period - Icing by Matthew Tkachuk.
14:28 of 1st period - Joe Snively wins face-off versus Evan Rodrigues in Penguins zone.
14:55 of 1st period - Wrist shot by Cristoval Nieves.
14:55 of 1st period - Shot Blocked by Dakota Mermis.
14:57 of 1st period - Slapshot by Morgan Klimchuk.
14:57 of 1st period - Shot Blocked by John Marino.
15:35 of 1st period - John Marino is hit by Brenden Kichton.
15:43 of 1st period - Jesper Boqvist is hit by Brenden Kichton and loses puck.
16:10 of 1st period - Gavin Bayreuther is hit by Cal Foote and loses puck.
18:00 of 1st period - Wrist shot by Erik Nystrom.
18:00 of 1st period - Deflect By Joe Snively.
18:00 of 1st period - Stopped by Connor Hellebyuk with a rebound.
18:02 of 1st period - Wrist shot by Matt Kiersted.
18:02 of 1st period - Shot Blocked by Gavin Bayreuther.
18:04 of 1st period - Snap shot by Nick Sorensen.
18:04 of 1st period - Shot Misses the Net.
18:06 of 1st period - Snap shot by Nick Sorensen.
18:06 of 1st period - Shot Blocked by Matthew Tkachuk.
18:08 of 1st period - Snap shot by Nick Sorensen.
18:08 of 1st period - Shot Blocked by Anthony Beauvillier.
18:10 of 1st period - Wrist shot by Erik Nystrom.
18:10 of 1st period - Shot Blocked by Matthew Tkachuk.
18:12 of 1st period - Wrist shot by Joe Snively.
18:12 of 1st period - Shot Misses the Net.
18:14 of 1st period - Slapshot by Erik Nystrom.
18:14 of 1st period - Shot Misses the Net.
18:16 of 1st period - Snap shot by Erik Nystrom.
18:16 of 1st period - Shot Misses the Net.
18:29 of 1st period - Wrist shot by Erik Nystrom.
18:29 of 1st period - Stopped by Connor Hellebyuk without a rebound.
18:30 of 1st period - Nick Shore wins face-off versus Adam Brooks in Penguins zone.
18:33 of 1st period - Snap shot by Alex DeBrincat.
18:33 of 1st period - Stopped by Connor Hellebyuk with a rebound.
18:43 of 1st period - Slapshot by Iven Barbashev.
18:43 of 1st period - Stopped by Anton Forsberg without a rebound.
18:44 of 1st period - Eetu Luostarinen wins face-off versus Nick Shore in Phantoms zone.
18:47 of 1st period - Snap shot by Max Gortz.
18:47 of 1st period - Shot Misses the Net.
18:49 of 1st period - Backhand shot by Dakota Mermis.
18:49 of 1st period - Stopped by Anton Forsberg with a rebound.
18:51 of 1st period - Slapshot by John Marino.
18:51 of 1st period - Shot Misses the Net.
19:09 of 1st period - Blake Heinrich is hit by Iven Barbashev and loses puck.
19:40 of 1st period - Snap shot by Sam Kurker.
19:40 of 1st period - Deflect By Jeff Malott.
19:40 of 1st period - Stopped by Anton Forsberg without a rebound.
19:41 of 1st period - Eetu Luostarinen wins face-off versus Sven Andrighetto in Phantoms zone.
19:46 of 1st period - Snap shot by Andy Andreoff.
19:46 of 1st period - Shot Misses the Net.
19:54 of 1st period - Max Gortz is hit by Morgan Klimchuk and loses puck.
Goals for this period are 1 for Penguins vs 2 for Phantoms.
Shots for this period are 11 for Penguins vs 13 for Phantoms.
2nd period
0:01 of 2nd period - Nick Shore wins face-off versus Adam Brooks in neutral zone.
0:16 of 2nd period - Slapshot by Gavin Bayreuther.
0:16 of 2nd period - Shot Misses the Net.
1:33 of 2nd period - Snap shot by JC Lipon.
1:33 of 2nd period - Deflect By Matthew Finn.
1:33 of 2nd period - Stopped by Connor Hellebyuk with a rebound.
1:35 of 2nd period - Backhand shot by Reid McNeill.
1:35 of 2nd period - Stopped by Connor Hellebyuk with a rebound.
1:37 of 2nd period - Slapshot by Blake Heinrich.
1:37 of 2nd period - Shot Blocked by Sam Kurker.
2:18 of 2nd period - Slapshot by Anthony Beauvillier.
2:18 of 2nd period - Shot Blocked by Brenden Kichton.
2:20 of 2nd period - Snap shot by Matthew Finn.
2:20 of 2nd period - Shot Misses the Net.
2:22 of 2nd period - Snap shot by Evan Rodrigues.
2:22 of 2nd period - Shot Blocked by Nick Shore.
2:56 of 2nd period - Snap shot by Cristoval Nieves.
2:56 of 2nd period - Stopped by Connor Hellebyuk with a rebound.
2:58 of 2nd period - Wrist shot by Morgan Klimchuk.
2:58 of 2nd period - Shot Misses the Net.
3:00 of 2nd period - Snap shot by Sven Andrighetto.
3:00 of 2nd period - Stopped by Connor Hellebyuk without a rebound.
3:01 of 2nd period - Cristoval Nieves wins face-off versus Evan Rodrigues in Penguins zone.
3:58 of 2nd period - Snap shot by Max Gortz.
3:58 of 2nd period - Shot Misses the Net.
4:00 of 2nd period - Snap shot by Andy Andreoff.
4:00 of 2nd period - Shot Misses the Net.
4:02 of 2nd period - Wrist shot by Eetu Luostarinen.
4:02 of 2nd period - Shot Blocked by Rinat Valiev.
4:34 of 2nd period - Sven Andrighetto is hit by John Marino and loses puck.
4:46 of 2nd period - Cristoval Nieves is hit by Gavin Bayreuther and loses puck.
5:17 of 2nd period - Icing by Alex DeBrincat.
5:18 of 2nd period - Eetu Luostarinen wins face-off versus Alex DeBrincat in Phantoms zone.
5:23 of 2nd period - Slapshot by Andy Andreoff.
5:23 of 2nd period - Shot Misses the Net.
5:25 of 2nd period - Slapshot by Danny Biega.
5:25 of 2nd period - Stopped by Anton Forsberg with a rebound.
5:39 of 2nd period - Victor Olofsson is hit by Michael Bournival and loses puck.
5:48 of 2nd period - Wrist shot by Victor Olofsson.
5:48 of 2nd period - Shot Blocked by Brenden Kichton.
5:50 of 2nd period - Snap shot by Victor Olofsson.
5:50 of 2nd period - Shot Misses the Net.
5:52 of 2nd period - Slapshot by Danny Biega.
5:52 of 2nd period - Shot Blocked by Michael Bournival.
5:54 of 2nd period - Slapshot by Victor Olofsson.
5:54 of 2nd period - Shot Misses the Net.
5:56 of 2nd period - Slapshot by Matthew Finn.
5:56 of 2nd period - Goal by Matthew Finn - Penguins : 2 - Phantoms : 2.
5:57 of 2nd period - Evan Rodrigues wins face-off versus Cristoval Nieves in neutral zone.
6:03 of 2nd period - Minor Penalty to Sven Andrighetto for Interference.
6:04 of 2nd period - Evan Rodrigues wins face-off versus Michael Bournival in Phantoms zone.
6:36 of 2nd period - Snap shot by Iven Barbashev.
6:36 of 2nd period - Stopped by Anton Forsberg without a rebound.
6:37 of 2nd period - Michael Bournival wins face-off versus Evan Rodrigues in Phantoms zone.
7:19 of 2nd period - Blake Heinrich is hit by Matthew Tkachuk and loses puck.
8:03 of 2nd period - Penalty to Sven Andrighetto is over, Sven Andrighetto is back on ice.
8:26 of 2nd period - Snap shot by Erik Nystrom.
8:26 of 2nd period - Stopped by Connor Hellebyuk with a rebound.
9:41 of 2nd period - Max Gortz is hit by Morgan Klimchuk.
9:58 of 2nd period - Adam Brooks is hit by Nick Shore and loses puck.
11:41 of 2nd period - Wrist shot by Cristoval Nieves.
11:41 of 2nd period - Stopped by Connor Hellebyuk with a rebound.
11:43 of 2nd period - Snap shot by Sven Andrighetto.
11:43 of 2nd period - Shot Blocked by John Marino.
11:45 of 2nd period - Wrist shot by Cristoval Nieves.
11:45 of 2nd period - Stopped by Connor Hellebyuk with a rebound.
11:47 of 2nd period - Snap shot by Brenden Kichton.
11:47 of 2nd period - Shot Misses the Net.
11:49 of 2nd period - Slapshot by Sven Andrighetto.
11:49 of 2nd period - Deflect By Morgan Klimchuk.
11:49 of 2nd period - Stopped by Connor Hellebyuk without a rebound.
11:50 of 2nd period - Evan Rodrigues wins face-off versus Alex DeBrincat in Penguins zone.
11:50 of 2nd period - Evan Rodrigues is hit by Nick Shore.
12:02 of 2nd period - Wrist shot by Matthew Tkachuk.
12:02 of 2nd period - Shot Misses the Net.
12:04 of 2nd period - Wrist shot by Evan Rodrigues.
12:04 of 2nd period - Shot Misses the Net.
12:41 of 2nd period - Snap shot by Jeff Malott.
12:41 of 2nd period - Stopped by Anton Forsberg with a rebound.
12:43 of 2nd period - Wrist shot by Dakota Mermis.
12:43 of 2nd period - Shot Blocked by Blake Heinrich.
13:05 of 2nd period - Wrist shot by Matthew Tkachuk.
13:05 of 2nd period - Goal by Matthew Tkachuk - Penguins : 3 - Phantoms : 2.
13:06 of 2nd period - Nick Shore wins face-off versus Matthew Tkachuk in neutral zone.
13:33 of 2nd period - Victor Olofsson is hit by Cristoval Nieves and loses puck.
13:44 of 2nd period - Snap shot by Morgan Klimchuk.
13:44 of 2nd period - Stopped by Connor Hellebyuk without a rebound.
13:45 of 2nd period - Evan Rodrigues wins face-off versus Nick Shore in Penguins zone.
13:56 of 2nd period - Wrist shot by Alex DeBrincat.
13:56 of 2nd period - Shot Misses the Net.
14:18 of 2nd period - Snap shot by Alex DeBrincat.
14:18 of 2nd period - Stopped by Connor Hellebyuk with a rebound.
14:28 of 2nd period - Wrist shot by Michael Bournival.
14:28 of 2nd period - Shot Misses the Net.
14:30 of 2nd period - Wrist shot by Nick Shore.
14:30 of 2nd period - Stopped by Connor Hellebyuk without a rebound.
14:31 of 2nd period - Cristoval Nieves wins face-off versus Evan Rodrigues in Penguins zone.
16:48 of 2nd period - Slapshot by Jeff Malott.
16:48 of 2nd period - Goal by Jeff Malott - Penguins : 4 - Phantoms : 2.
16:48 of 2nd period - Zachary Fucale enters game.
16:49 of 2nd period - Evan Rodrigues wins face-off versus Nick Shore in neutral zone.
16:56 of 2nd period - Backhand shot by Matthew Tkachuk.
16:56 of 2nd period - Stopped by Zachary Fucale with a rebound.
17:04 of 2nd period - Wrist shot by Anthony Beauvillier.
17:04 of 2nd period - Shot Misses the Net.
17:14 of 2nd period - Sven Andrighetto is hit by Iven Barbashev.
17:42 of 2nd period - Snap shot by Erik Nystrom.
17:42 of 2nd period - Shot Blocked by Andy Andreoff.
17:44 of 2nd period - Wrist shot by Erik Nystrom.
17:44 of 2nd period - Stopped by Connor Hellebyuk with a rebound.
17:46 of 2nd period - Wrist shot by Nick Sorensen.
17:46 of 2nd period - Stopped by Connor Hellebyuk without a rebound.
17:47 of 2nd period - Nick Shore wins face-off versus Evan Rodrigues in Penguins zone.
18:17 of 2nd period - Wrist shot by Iven Barbashev.
18:17 of 2nd period - Stopped by Zachary Fucale without a rebound.
18:18 of 2nd period - Victor Olofsson wins face-off versus Cristoval Nieves in Phantoms zone.
18:50 of 2nd period - Snap shot by Evan Rodrigues.
18:50 of 2nd period - Shot Blocked by Michael Bournival.
19:06 of 2nd period - Slapshot by Gavin Bayreuther.
19:06 of 2nd period - Stopped by Zachary Fucale with a rebound.
19:08 of 2nd period - Slapshot by Gavin Bayreuther.
19:08 of 2nd period - Stopped by Zachary Fucale with a rebound.
19:10 of 2nd period - Slapshot by Max Gortz.
19:10 of 2nd period - Shot Misses the Net.
19:12 of 2nd period - Slapshot by Max Gortz.
19:12 of 2nd period - Shot Misses the Net.
Goals for this period are 3 for Penguins vs 0 for Phantoms.
Shots for this period are 10 for Penguins vs 13 for Phantoms.
3rd period
0:01 of 3rd period - Evan Rodrigues wins face-off versus Nick Shore in neutral zone.
0:31 of 3rd period - Slapshot by Gavin Bayreuther.
0:31 of 3rd period - Stopped by Zachary Fucale with a rebound.
0:54 of 3rd period - Snap shot by Victor Olofsson.
0:54 of 3rd period - Shot Blocked by Morgan Klimchuk.
1:14 of 3rd period - Slapshot by Iven Barbashev.
1:14 of 3rd period - Shot Misses the Net.
1:18 of 3rd period - Wrist shot by Victor Olofsson.
1:18 of 3rd period - Shot Misses the Net.
1:20 of 3rd period - Backhand shot by Gavin Bayreuther.
1:20 of 3rd period - Deflect By Victor Olofsson.
1:20 of 3rd period - Shot Misses the Net.
1:20 of 3rd period - Puck is out of play.
1:21 of 3rd period - Evan Rodrigues wins face-off versus Nick Shore in Phantoms zone.
1:28 of 3rd period - Snap shot by Matthew Tkachuk.
1:28 of 3rd period - Stopped by Zachary Fucale without a rebound.
1:29 of 3rd period - Nick Shore wins face-off versus Evan Rodrigues in Phantoms zone.
1:29 of 3rd period - Nick Shore is hit by Dakota Mermis.
1:43 of 3rd period - Slapshot by John Marino.
1:43 of 3rd period - Deflect By Matthew Tkachuk.
1:43 of 3rd period - Goal by Matthew Tkachuk - Penguins : 5 - Phantoms : 2.
1:44 of 3rd period - Nick Shore wins face-off versus Evan Rodrigues in neutral zone.
2:09 of 3rd period - Adam Brooks is hit by Cristoval Nieves.
2:25 of 3rd period - Minor Penalty to Iven Barbashev for Tripping.
2:26 of 3rd period - Alex DeBrincat wins face-off versus Evan Rodrigues in Penguins zone.
2:51 of 3rd period - Evan Rodrigues is hit by Reid McNeill and loses puck.
4:20 of 3rd period - Nick Shore is hit by Jeff Malott and loses puck.
4:25 of 3rd period - Penalty to Iven Barbashev is over, Iven Barbashev is back on ice.
4:43 of 3rd period - Wrist shot by Adam Brooks.
4:43 of 3rd period - Stopped by Zachary Fucale with a rebound.
4:45 of 3rd period - Slapshot by Adam Brooks.
4:45 of 3rd period - Stopped by Zachary Fucale with a rebound.
4:51 of 3rd period - Slapshot by Gavin Bayreuther.
4:51 of 3rd period - Deflect By Adam Brooks.
4:51 of 3rd period - Shot Misses the Net.
4:51 of 3rd period - Puck is out of play.
4:52 of 3rd period - Joe Snively wins face-off versus Eetu Luostarinen in Phantoms zone.
5:03 of 3rd period - Wrist shot by Joe Snively.
5:03 of 3rd period - Stopped by Connor Hellebyuk with a rebound.
5:05 of 3rd period - Snap shot by Joe Snively.
5:05 of 3rd period - Shot Misses the Net.
5:07 of 3rd period - Snap shot by Nick Sorensen.
5:07 of 3rd period - Shot Blocked by Danny Biega.
5:25 of 3rd period - Wrist shot by JC Lipon.
5:25 of 3rd period - Shot Misses the Net.
5:27 of 3rd period - Slapshot by Brenden Kichton.
5:27 of 3rd period - Deflect By Andy Andreoff.
5:27 of 3rd period - Goal by Brenden Kichton - Penguins : 5 - Phantoms : 3.
5:28 of 3rd period - Evan Rodrigues wins face-off versus Cristoval Nieves in neutral zone.
5:41 of 3rd period - Wrist shot by Gavin Bayreuther.
5:41 of 3rd period - Stopped by Zachary Fucale without a rebound.
5:42 of 3rd period - Nick Shore wins face-off versus Evan Rodrigues in Phantoms zone.
6:07 of 3rd period - Sven Andrighetto is hit by Gavin Bayreuther and loses puck.
6:30 of 3rd period - Icing by Erik Nystrom.
6:31 of 3rd period - Eetu Luostarinen wins face-off versus Joe Snively in Phantoms zone.
7:11 of 3rd period - Off-side.
7:12 of 3rd period - Nick Shore wins face-off versus Adam Brooks in neutral zone.
8:00 of 3rd period - Wrist shot by Lucas Wallmarkk.
8:00 of 3rd period - Shot Misses the Net.
9:06 of 3rd period - Wrist shot by Matthew Tkachuk.
9:06 of 3rd period - Shot Misses the Net.
9:18 of 3rd period - Alex DeBrincat is hit by Eetu Luostarinen and loses puck.
9:44 of 3rd period - Wrist shot by Morgan Klimchuk.
9:44 of 3rd period - Stopped by Connor Hellebyuk with a rebound.
9:46 of 3rd period - Wrist shot by Morgan Klimchuk.
9:46 of 3rd period - Shot Misses the Net.
9:56 of 3rd period - Gavin Bayreuther is hit by Brendan Leipsic.
10:18 of 3rd period - Slapshot by Nick Sorensen.
10:18 of 3rd period - Stopped by Connor Hellebyuk with a rebound.
10:20 of 3rd period - Wrist shot by Joe Snively.
10:20 of 3rd period - Stopped by Connor Hellebyuk with a rebound.
10:22 of 3rd period - Wrist shot by Joe Snively.
10:22 of 3rd period - Shot Misses the Net.
10:24 of 3rd period - Backhand shot by Cal Foote.
10:24 of 3rd period - Shot Hit the Post.
10:31 of 3rd period - Icing by Danny Biega.
10:32 of 3rd period - Adam Brooks wins face-off versus Nick Shore in Penguins zone.
10:39 of 3rd period - Snap shot by Iven Barbashev.
10:39 of 3rd period - Stopped by Zachary Fucale with a rebound.
10:45 of 3rd period - Blake Heinrich is hit by Adam Brooks and loses puck.
11:19 of 3rd period - Wrist shot by Lucas Wallmarkk.
11:19 of 3rd period - Shot Misses the Net.
11:26 of 3rd period - Minor Penalty to Lucas Wallmarkk for Holding.
11:27 of 3rd period - Michael Bournival wins face-off versus Anthony Beauvillier in Phantoms zone.
13:03 of 3rd period - A.J. Greer is hit by Iven Barbashev and loses puck.
13:26 of 3rd period - Penalty to Lucas Wallmarkk is over, Lucas Wallmarkk is back on ice.
13:59 of 3rd period - Wrist shot by Sam Kurker.
13:59 of 3rd period - Stopped by Zachary Fucale with a rebound.
14:01 of 3rd period - Slapshot by Dakota Mermis.
14:01 of 3rd period - Shot Blocked by Morgan Klimchuk.
14:03 of 3rd period - Wrist shot by Sam Kurker.
14:03 of 3rd period - Goal by Sam Kurker - Penguins : 6 - Phantoms : 3.
14:04 of 3rd period - Nick Shore wins face-off versus Evan Rodrigues in neutral zone.
14:09 of 3rd period - Snap shot by Nick Shore.
14:09 of 3rd period - Goal by Nick Shore - Penguins : 6 - Phantoms : 4.
14:10 of 3rd period - Matthew Tkachuk wins face-off versus Nick Shore in neutral zone.
14:57 of 3rd period - Andrew O'Brien is hit by Erik Nystrom and loses puck.
15:32 of 3rd period - Icing by Lucas Wallmarkk.
15:33 of 3rd period - Evan Rodrigues wins face-off versus Lucas Wallmarkk in Phantoms zone.
15:38 of 3rd period - Slapshot by Anthony Beauvillier.
15:38 of 3rd period - Stopped by Zachary Fucale without a rebound.
15:39 of 3rd period - Nick Shore wins face-off versus Evan Rodrigues in Phantoms zone.
15:55 of 3rd period - Minor Penalty to Reid McNeill for Roughing.
15:56 of 3rd period - Evan Rodrigues wins face-off versus Michael Bournival in Phantoms zone.
16:23 of 3rd period - Snap shot by Victor Olofsson.
16:23 of 3rd period - Shot Misses the Net.
16:25 of 3rd period - Slapshot by John Marino.
16:25 of 3rd period - Penguins goal is going for a video replay.
16:25 of 3rd period - The goal is good.
16:25 of 3rd period - Goal by John Marino - Penguins : 7 - Phantoms : 4.
16:26 of 3rd period - Nick Shore wins face-off versus Evan Rodrigues in neutral zone.
16:39 of 3rd period - Snap shot by Matthew Tkachuk.
16:39 of 3rd period - Deflect By Anthony Beauvillier.
16:39 of 3rd period - Shot Misses the Net.
16:39 of 3rd period - Puck is out of play.
16:40 of 3rd period - Evan Rodrigues wins face-off versus Nick Shore in Phantoms zone.
16:41 of 3rd period - Snap shot by Gavin Bayreuther.
16:41 of 3rd period - Shot Misses the Net.
16:43 of 3rd period - Snap shot by Matthew Tkachuk.
16:43 of 3rd period - Stopped by Zachary Fucale with a rebound.
17:10 of 3rd period - Slapshot by Morgan Klimchuk.
17:10 of 3rd period - Shot Misses the Net.
17:12 of 3rd period - Snap shot by Blake Heinrich.
17:12 of 3rd period - Stopped by Connor Hellebyuk with a rebound.
17:37 of 3rd period - Cal Foote is hit by Andy Andreoff and loses puck.
18:10 of 3rd period - Brenden Kichton is hit by Anthony Beauvillier and loses puck.
18:47 of 3rd period - Snap shot by Andy Andreoff.
18:47 of 3rd period - Shot Misses the Net.
18:49 of 3rd period - Backhand shot by Max Gortz.
18:49 of 3rd period - Goal by Max Gortz - Penguins : 8 - Phantoms : 4.
18:50 of 3rd period - Nick Shore wins face-off versus Evan Rodrigues in neutral zone.
18:55 of 3rd period - Icing by Matthew Tkachuk.
18:56 of 3rd period - Nick Shore wins face-off versus Evan Rodrigues in Penguins zone.
19:11 of 3rd period - Snap shot by Alex DeBrincat.
19:11 of 3rd period - Shot Misses the Net.
19:20 of 3rd period - Gavin Bayreuther is hit by Morgan Klimchuk and loses puck.
19:23 of 3rd period - Wrist shot by Victor Olofsson.
19:23 of 3rd period - Shot Misses the Net.
19:25 of 3rd period - Wrist shot by Iven Barbashev.
19:25 of 3rd period - Shot Blocked by Reid McNeill.
19:27 of 3rd period - Slapshot by Gavin Bayreuther.
19:27 of 3rd period - Stopped by Zachary Fucale without a rebound.
19:28 of 3rd period - Nick Shore wins face-off versus Adam Brooks in Phantoms zone.
19:35 of 3rd period - Snap shot by Nick Shore.
19:35 of 3rd period - Shot Hit the Post.
19:47 of 3rd period - Nick Shore is hit by John Marino and loses puck.
Goals for this period are 4 for Penguins vs 2 for Phantoms.
Shots for this period are 14 for Penguins vs 7 for Phantoms.
Output by the SimonT Hockey Simulator (STHS) for Francois Prevost